AoeStats
← LQuan

African Clearing

506435542Analyzed
4v4 RM · 19d ago on Sep 13, 2026· 41m 42s· 8 players
Game mode
Random Map
Map size
Large (8 player)
Population
200
Speed
Normal
Resources
Standard
Victory
Conquest
Starting age
Dark Age
Ending age
Imperial Age
RankedLock teamsTeams togetherTeam positionsShared explorationLock speedFull tech treeHidden civsTurbo modeCheats
Victory
Defeat
🇵🇹 Malay · Portugal
898
+10
🇭🇰 Burgundians · Hong Kong SAR China
891
+10
🇺🇸 Britons · United States
876
+11
🇹🇼 Khitans · Taiwan
852
+12
🇦🇷 Britons · Argentina
801
-12
🇧🇬 Byzantines · Bulgaria
789
-18
🇹🇼 Vietnamese · Taiwan
777
-11
🇧🇷 Persians · Brazil
696
-9
POL4
5:36 Loom
16:25 Feudal Age
18:51 Forging
19:04 Scale Mail Armor
19:35 Horse Collar
19:59 Man-at-Arms
20:55 Arson
HeartYuNi
16:14 Feudal Age
17:48 Loom
19:02 Man-at-Arms
22:07 Gold Mining
23:11 Horse Collar
Denis
17:06 Loom
19:44 Feudal Age
22:02 Double-Bit Axe
22:44 Gold Mining
25:46 Castle Age
25:24 Stone Mining
28:28 Stone Shaft Mining
37:14 Forging
Dolfisgamer
3:04 Loom
buggsy 23
18:07 Feudal Age
19:05 Man-at-Arms
19:33 Arson
19:47 Double-Bit Axe
23:42 Horse Collar
25:56 Wheelbarrow
30:58 Castle Age
30:24 Forging
30:20 Scale Barding Armor
33:35 Hand Cart
35:14 Gold Mining
35:44 Heavy Plow
39:31 Imperial Age
38:54 Husbandry
39:19 Chain Barding Armor
39:34 Iron Casting
41:24 Cavalier
Exteme77
3:20 Loom
14:33 Feudal Age
21:31 Castle Age
28:43 Double-Bit Axe
29:42 Bow Saw
34:23 Wheelbarrow
38:29 Imperial Age
37:55 Gold Mining
LQuan
4:53 Loom
15:45 Feudal Age
15:24 Horse Collar
15:34 Double-Bit Axe
16:56 Bow Saw
16:51 Heavy Plow
17:15 Gold Mining
23:33 Castle Age
22:06 Scale Barding Armor
23:27 Forging
25:12 Crop Rotation
25:18 Husbandry
27:18 Stone Mining
28:06 Gold Shaft Mining
29:03 Two-Man Saw
29:36 Wheelbarrow
30:48 Iron Casting
30:35 Chain Barding Armor
38:00 Imperial Age
36:25 Cavalier
37:26 Hand Cart
37:19 Scale Mail Armor
37:32 Town Watch
38:27 Chain Mail Armor
38:11 Paladin
39:27 Conscription
38:52 Capped Ram
41:14 Plate Barding Armor
41:40 Blast Furnace
YJHAN
3:19 Loom
15:26 Feudal Age
16:22 Town Watch
16:25 Double-Bit Axe
17:52 Domestication
21:44 Castle Age
22:03 Forging
26:04 Husbandry
30:28 Wheelbarrow
30:24 Fervor
30:49 Scale Barding Armor
37:39 Imperial Age
35:28 Pastoralism
35:43 Bow Saw
35:37 Treadmill Crane
36:18 Ballistics
35:56 Murder Holes
36:29 Masonry
37:44 Iron Casting
37:28 Scale Mail Armor
37:19 Fletching
38:41 Hand Cart
39:13 Conscription
39:29 Town Patrol
40:27 Ordo Cavalry
41:19 Transhumance
42:16 Chain Mail Armor
42:21 Chain Barding Armor
41:57 Bodkin Arrow
42:04 Padded Archer Armor
Connection lost

Rejoining the realm…

Still unreachable

The connection could not be restored.

Session expired

The server has moved on; the page needs a fresh start.